[ PARTIDA AOE2 · #484456811 ]
UnrankedHunos vs Shu
Equipo del jugador · VICT
Equipo rival · DERR
[ ANÁLISIS DE REPETICIÓN · EXTRAÍDO DE LA PARTIDA GRABADA ]
Feudal
—
Castillos
—
Imperial
—
| APM promedio | 14.6 |
| APM pico | 54 |
| eAPM promedio | 11.1 |
| Aldeanos / militares | 47 / 15 |
Foco
⚔️ 25.5% · 🌾 74.5%
Scout Cavalry ×10 · Knight ×5
Feudal
15:37
Castillos
—
Imperial
—
| APM promedio | 23.6 |
| APM pico | 61 |
| eAPM promedio | 11.2 |
| Aldeanos / militares | 28 / 13 |
Foco
⚔️ 23.9% · 🌾 76.1%
Archer ×7 · Spearman ×6 · Fishing Ship ×2
Mapa de la partida
Recursos iniciales + cada clic de construcción. Líneas = muros · curvas = relieve. ◆ oro · ⬟ piedra · ● bayas · ✦ reliquia · ◌ hueco del cierre
Tu base· Abierta — flanco sin cerrar
Base de F e m t o· Abierta — flanco sin cerrar
Terreno inicial suavizado · ◌ = hueco del cierre detectado · pasá el cursor para detalles
Inputs por minuto
— DarkAngel2173 - - F e m t o
Build order — DarkAngel2173
84 acciones detectadas en el replay
| 0:12 | Construir | Town Center |
| 2:17 | Construir | Mill |
| 2:17 | Crear | Villager (Male) |
| 2:18 | Crear | Villager (Male) |
| 2:18 | Crear | Villager (Male) |
| 2:19 | Crear | Villager (Male) |
| 2:19 | Crear | Villager (Male) |
| 2:21 | Investigar | Loom |
| 4:12 | Crear | Villager (Male) |
| 4:46 | Crear | Villager (Male) |
| 4:47 | Crear | Villager (Male) |
| 4:47 | Crear | Villager (Male) |
| 4:48 | Crear | Villager (Male) |
| 6:01 | Crear | Villager (Male) |
| 6:02 | Crear | Villager (Male) |
| 6:02 | Crear | Villager (Male) |
| 6:03 | Crear | Villager (Male) |
| 6:03 | Crear | Villager (Male) |
| 7:36 | Crear | Villager (Male) |
| 7:37 | Crear | Villager (Male) |
| 7:54 | Construir | Mill |
| 8:23 | Crear | Villager (Male) |
| 9:05 | Construir | Barracks |
| 9:14 | Crear | Villager (Male) |
| 9:15 | Crear | Villager (Male) |
| 10:12 | Crear | Villager (Male) |
| 10:30 | Crear | Villager (Male) |
| 10:31 | Crear | Villager (Male) |
| 11:10 | Investigar | Feudal Age |
| 11:21 | Construir | Mill |
| 13:06 | Crear | Villager (Male) |
| 13:07 | Crear | Villager (Male) |
| 13:07 | Crear | Villager (Male) |
| 13:08 | Crear | Villager (Male) |
| 13:39 | Construir | Stable |
| 14:24 | Crear | Scout Cavalry |
| 14:25 | Crear | Scout Cavalry |
| 14:25 | Crear | Scout Cavalry |
| 14:26 | Crear | Scout Cavalry |
| 14:26 | Crear | Scout Cavalry |
| 14:26 | Crear | Scout Cavalry |
| 15:12 | Construir | Mill |
| 15:38 | Crear | Villager (Male) |
| 15:38 | Crear | Villager (Male) |
| 15:38 | Crear | Villager (Male) |
| 15:39 | Crear | Villager (Male) |
| 15:39 | Crear | Villager (Male) |
| 15:40 | Crear | Villager (Male) |
| 15:45 | Construir | Blacksmith |
| 16:05 | Construir | Market |
| 16:35 | Construir | Mining Camp |
| 17:06 | Crear | Scout Cavalry |
| 17:07 | Crear | Scout Cavalry |
| 17:07 | Crear | Scout Cavalry |
| 17:08 | Crear | Scout Cavalry |
| 17:47 | Construir | Stable |
| 18:32 | Crear | Villager (Male) |
| 18:32 | Crear | Villager (Male) |
| 18:32 | Crear | Villager (Male) |
| 18:33 | Crear | Villager (Male) |
| 18:36 | Investigar | Castle Age |
| 18:48 | Construir | Mining Camp |
| 19:01 | Crear | Villager (Male) |
| 19:01 | Crear | Villager (Male) |
| 19:02 | Crear | Villager (Male) |
| 19:05 | Investigar | Bloodlines |
| 20:47 | Crear | Villager (Male) |
| 20:48 | Crear | Villager (Male) |
| 20:48 | Crear | Villager (Male) |
| 20:48 | Crear | Villager (Male) |
| 20:49 | Crear | Villager (Male) |
| 20:49 | Crear | Villager (Male) |
| 20:50 | Crear | Villager (Male) |
| 21:37 | Construir | Stable |
| 21:41 | Construir | Stable |
| 21:47 | Investigar | Stone Mining |
| 22:15 | Construir | Mill |
| 22:31 | Construir | Mill |
| 22:42 | Investigar | Light Cavalry (upgrade) |
| 23:00 | Crear | Knight |
| 23:00 | Crear | Knight |
| 23:01 | Crear | Knight |
| 23:01 | Crear | Knight |
| 23:02 | Crear | Knight |
Build order — F e m t o
81 acciones detectadas en el replay
| 1:56 | Construir | Town Center |
| 2:09 | Construir | Town Center |
| 2:25 | Construir | House |
| 2:27 | Construir | House |
| 3:21 | Construir | House |
| 4:19 | Crear | Villager (Male) |
| 4:19 | Crear | Villager (Male) |
| 4:20 | Crear | Villager (Male) |
| 4:20 | Crear | Villager (Male) |
| 5:15 | Crear | Villager (Male) |
| 6:00 | Crear | Villager (Male) |
| 6:16 | Crear | Villager (Male) |
| 6:40 | Crear | Villager (Male) |
| 7:09 | Crear | Villager (Male) |
| 8:07 | Construir | Mill |
| 8:13 | Crear | Villager (Male) |
| 8:14 | Crear | Villager (Male) |
| 8:54 | Crear | Villager (Male) |
| 9:07 | Crear | Villager (Male) |
| 9:21 | Construir | Barracks |
| 9:34 | Crear | Villager (Male) |
| 10:21 | Crear | Villager (Male) |
| 10:22 | Crear | Villager (Male) |
| 11:04 | Construir | House |
| 11:09 | Construir | Palisade Wall |
| 11:12 | Construir | Palisade Gate |
| 11:29 | Crear | Villager (Male) |
| 12:02 | Construir | Outpost |
| 12:07 | Construir | Outpost |
| 12:19 | Construir | Lumber Camp |
| 12:40 | Construir | Dock |
| 13:02 | Investigar | Loom |
| 13:03 | Investigar | Feudal Age |
| 13:29 | Construir | Mining Camp |
| 13:32 | Crear | Villager (Male) |
| 15:37 | Edad | Edad Feudal |
| 15:39 | Crear | Spearman |
| 15:40 | Crear | Spearman |
| 16:10 | Crear | Spearman |
| 16:31 | Construir | Archery Range |
| 16:32 | Construir | Archery Range |
| 16:36 | Crear | Villager (Male) |
| 16:37 | Crear | Villager (Male) |
| 16:58 | Construir | Blacksmith |
| 17:31 | Crear | Fishing Ship |
| 17:31 | Crear | Fishing Ship |
| 17:36 | Construir | House |
| 17:37 | Construir | House |
| 17:42 | Investigar | Wheelbarrow |
| 17:52 | Crear | Archer |
| 18:00 | Crear | Villager (Male) |
| 18:00 | Crear | Villager (Male) |
| 18:02 | Crear | Archer |
| 18:32 | Crear | Villager (Male) |
| 18:37 | Investigar | Fletching |
| 18:59 | Construir | Market |
| 19:21 | Construir | Outpost |
| 19:23 | Construir | Outpost |
| 19:27 | Crear | Archer |
| 20:08 | Crear | Spearman |
| 20:09 | Crear | Spearman |
| 20:24 | Crear | Spearman |
| 20:47 | Investigar | Horse Collar |
| 20:50 | Crear | Villager (Male) |
| 20:51 | Crear | Villager (Male) |
| 20:51 | Crear | Villager (Male) |
| 20:55 | Construir | Farm |
| 20:56 | Construir | Farm |
| 21:43 | Construir | Farm |
| 22:03 | Crear | Archer |
| 22:03 | Crear | Archer |
| 22:04 | Crear | Archer |
| 22:08 | Construir | House |
| 22:11 | Construir | Farm |
| 22:39 | Construir | House |
| 22:44 | Crear | Villager (Male) |
| 22:47 | Crear | Archer |
| 22:59 | Construir | Outpost |
| 23:02 | Investigar | Town Watch |
| 23:12 | Construir | Farm |
| 23:21 | Crear | Villager (Male) |
Cronología de la partida
| 9:05 | DarkAngel2173 · first_building Barracks |
| 9:21 | F e m t o · first_building Barracks |
| 11:09 | F e m t o · wall_segment Palisade Wall x4 |
| 12:40 | F e m t o · first_building Dock |
| 13:39 | DarkAngel2173 · first_building Stable |
| 15:37 | F e m t o · age_up feudal |
| 16:31 | F e m t o · first_building Archery Range |
| 23:45 | F e m t o · resign |
[ ANÁLISIS IA · 1 CRÉDITO ]
¿Qué pasó realmente en esta partida?
Wolo.gg analiza cada decisión: build order, eco, micro, errores típicos por bracket. Análisis personalizado por WhatsApp o Discord en 30 segundos.
Guía civ
Hunos
Perfil
Jugador #15314949